 Dungeon Crawl Stone Soup version 0.31.0-4-g52a2dc7128 (webtiles) character file.

Game seed: 1125224297472522472

815 dorian the Toxicologist (level 8, 0/52 HPs)
             Began as a Formicid Alchemist on Jan 22, 2024.
             Was an Initiate of Cheibriados.
             Slain by a water moccasin (3 damage)
             ... on level 5 of the Dungeon.
             The game lasted 00:09:39 (5695 turns).

dorian the Toxicologist (Formicid Alchemist)        Turns: 5695, Time: 00:09:39

Health: 0/52       AC:  4    Str: 19    XL:     8   Next: 16%
Magic:  4/16       EV: 12    Int: 22    God:    Cheibriados [......]
Gold:   187        SH:  0    Dex: 15    Spells: 7/17 levels left

rFire   + . .        f - +1 sling
rCold   . . .        (no shield)
rNeg    . . .        a - +0 robe
rPois   .            (helmet unavailable)
rElec   .            (no cloak)
rCorr   .            g - +1 pair of gloves
SInv    +            (no boots)
Will    .....        (no amulet)
Stlth   ++           p - ring "Lureoc" {Str+6 Int+3}
HPRegen 0.28/turn    o - ring of protection from fire
MPRegen 0.15/turn

%: no passive effects
@: lethally poisoned (0 -> -13), very slow
A: permanent stasis, dig shafts and tunnels, antennae 3, four strong arms
a: Dig, Shaft Self, Renounce Religion


You were on level 5 of the Dungeon.
You worshipped Cheibriados.
Cheibriados was noncommittal.
You visited 1 branch of the dungeon, and saw 5 of its levels.

You collected 187 gold pieces.

Inventory:

Hand Weapons
 f - a +1 sling (weapon)
Missiles
 c - 6 boomerangs
 n - 2 throwing nets
Armour
 a - a +0 robe (worn)
 g - a +1 pair of gloves (worn)
Magical Staves
 l - a staff of alchemy
Jewellery
 k - a +6 ring of dexterity
 o - a ring of protection from fire (right hand)
 p - the ring "Lureoc" (left hand) {Str+6 Int+3}
   (You found it on level 4 of the Dungeon)

   [ring of strength]

   Str+6:     It affects your strength (+6).
   Int+3:     It affects your intelligence (+3).
Scrolls
 d - 3 scrolls of enchant weapon
 m - a scroll of fog
Potions
 b - 2 potions of magic
 e - a potion of berserk rage
 h - a potion of mutation
 i - 2 potions of enlightenment
 j - a potion of brilliance


   Skills:
 - Level 1.7 Dodging
 - Level 2.4 Stealth
 + Level 5.4 Spellcasting
 - Level 0.8 Conjurations
 * Level 10.0 Alchemy


You had 7 spell levels left.
You knew the following spells:

 Your Spells              Type           Power      Damage    Failure   Level
a - Sting                 Conj/Alch      100%       1d9       1%          1
b - Mercury Vapours       Alch/Air       56%        N/A       1%          2
c - Olgreb's Toxic Radia  Alch           50%        N/A       1%          4
d - Mephitic Cloud        Conj/Alch/Air  21%        N/A       7%          3

Your spell library contained the following spells:

 Spells                   Type           Power      Damage    Failure   Level
 Cigotuvi's Dreadful Rot  Necr/Alch/Air  40%        N/A       3%          2
 Kiss of Death            Conj/Necr      28%        2d7       9%          1
 Apportation              Tloc           10%        N/A       10%         1
 Necrotise                Necr           20%        1d5       10%         1
 Summon Small Mammal      Summ           20%        N/A       10%         1
 Ignite Poison            Fire/Alch      28%        N/A       12%         4
 Sticky Flame             Fire/Alch      28%        2d7       12%         4
 Confusing Touch          Hex            5%         N/A       28%         3
 Dispel Undead            Necr           5%         3d7       67%         4
 Freezing Cloud           Conj/Ice/Air   3%         6-21      94%         5
 Malign Gateway           Summ/Tloc      2%         N/A       100%        7
 Summon Horrible Things   Summ           2%         N/A       100%        8


Dungeon Overview and Level Annotations

Branches:
Dungeon (5/15) Zot: 36509
 Temple: D:4-7

Altars:
Ashenzari
Cheibriados
Elyvilon
Fedhas
Kikubaaqudgha
Nemelex Xobeh
Okawaru
Sif Muna
Trog
Uskayaw
Vehumet
Xom

Annotations:
D:4 2 transporters


Innate Abilities, Weirdness & Mutations

You cannot be hasted, slowed, berserked, paralysed or teleported.
You can dig through walls and to a lower floor.
You have a pair of large antennae on your head. (SInv)
Your four strong arms can wield two-handed weapons with a shield.


Message History

You feel sick. The water moccasin misses you.
The water moccasin bites you but does no damage.
You hit the water moccasin but do no damage.
The water moccasin is moderately wounded.
You feel sick. The water moccasin bites you!
The water moccasin barely misses you.
You barely miss the water moccasin.
The water moccasin is moderately wounded.
Your toxic aura wanes.
You feel sick.
The water moccasin barely misses you. x2
Casting: Olgreb's Toxic Radiance (dangerous; 1% risk of failure)
Confirm with . or Enter, or press ? or * to list all spells.
Aiming: Sting (safe; 1% risk of failure)
Press: ? - help, Shift-Dir - straight line, f - water moccasin
Aim: a water moccasin (moderately wounded, 63% to hit)
You feel a surge of power!
The sting misses the water moccasin.
The water moccasin bites you but does no damage.
Casting: Sting (safe; 1% risk of failure)
Confirm with . or Enter, or press ? or * to list all spells.
Aiming: Sting (safe; 1% risk of failure)
Press: ? - help, Shift-Dir - straight line, f/p - water moccasin
Aim: a water moccasin (moderately wounded, 63% to hit)
You feel a surge of power!
The sting misses the water moccasin.
You feel sick. The water moccasin bites you.
* * * LOW HITPOINT WARNING * * *
Okay, then.
f - a +1 sling (weapon)
The water moccasin bites you.
* * * LOW HITPOINT WARNING * * *
You are lethally poisoned!
The water moccasin poisons you!
Fire: f) +1 sling
Press: ? - help, Q - select action, (/) - cycle Shift-Dir - straight line, f/p - water moccasin
Aim: a water moccasin (moderately wounded, 35% to hit)
You shoot a sling bullet.
The sling bullet misses the water moccasin.
* * * LOW HITPOINT WARNING * * *
You feel very sick. The water moccasin misses you.
The water moccasin bites you.
You die...

...## ....# ... )...# ..
## ....# #..... ...##
##.. )#.#### . ..### #..
).. .# ...
....#####.#####.# .#....
#.....#.#.#.#.#S##.)....
.##.....).......@.#
.######(......###.# .##
#.....>....#..#
..###.#.......#..##
#.##...........###
<.##.##.......##
...............#
#.....#.#.#.#.##
###..<..<.......


You could see a water moccasin.

Vanquished Creatures
  A black bear (D:5)
  An ice beast (D:5)
  2 ogres (D:5)
  A phantom (D:5)
  A bombardier beetle (D:5)
  An orc priest (D:4)
  2 hounds
  An iguana (D:5)
  6 gnolls (D:5)
  9 adders
  2 ribbon worms (D:2)
  3 dart slugs
  4 orcs
  7 ball pythons
  6 bats
  5 endoplasms
  2 giant cockroaches (D:1)
  6 goblins
  6 hobgoblins
  12 jackals
  8 kobolds
  4 quokkas
  5 frilled lizards
  6 rats
101 creatures vanquished.

Notes
Turn   | Place    | Note
-------+----------+-------------------------------------------
     0 | D:1      | dorian the Formicid Alchemist began the quest for the Orb.
     0 | D:1      | Reached XP level 1. HP: 13/13 MP: 3/3
   204 | D:1      | Reached XP level 2. HP: 19/19 MP: 0/5
   764 | D:1      | Reached XP level 3. HP: 23/24 MP: 4/6
   949 | D:1      | Reached skill level 5 in Alchemy
  1126 | D:1      | Found a faded altar of an unknown god.
  1553 | D:2      | Learned a level 2 spell: Mercury Vapours
  1787 | D:2      | Reached XP level 4. HP: 30/30 MP: 8/8
  2393 | D:2      | Reached skill level 6 in Alchemy
  2949 | D:3      | Reached XP level 5. HP: 35/35 MP: 6/9
  3977 | D:4      | Identified a scroll of acquirement
  3977 | D:4      | Acquired a staff of alchemy
  4059 | D:4      | Reached skill level 7 in Alchemy
  4059 | D:4      | Reached XP level 6. HP: 39/41 MP: 4/11
  4064 | D:4      | Learned a level 4 spell: Olgreb's Toxic Radiance
  4068 | D:4      | Learned a level 3 spell: Mephitic Cloud
  4259 | D:4      | Identified the ring "Lureoc" {Str+6 Int+3}
  4280 | D:4      | Found a transporter.
  4315 | D:4      | Found a transporter.
  4464 | D:5      | Entered Level 5 of the Dungeon
  4605 | D:5      | Found a sparkling altar of Nemelex Xobeh.
  4721 | D:5      | Noticed an ogre
  4728 | D:5      | Killed an ogre
  4729 | D:5      | Reached skill level 8 in Alchemy
  4729 | D:5      | Reached XP level 7. HP: 46/46 MP: 0/13
  5174 | D:5      | Reached skill level 9 in Alchemy
  5306 | D:5      | Found an iron altar of Okawaru.
  5312 | D:5      | Reached skill level 5 in Spellcasting
  5404 | D:5      | Found a blossoming altar of Fedhas.
  5406 | D:5      | Found a bloodstained altar of Trog.
  5406 | D:5      | Found a snail-covered altar of Cheibriados.
  5406 | D:5      | Found a white marble altar of Elyvilon.
  5407 | D:5      | Found a shimmering blue altar of Sif Muna.
  5407 | D:5      | Found an ancient bone altar of Kikubaaqudgha.
  5408 | D:5      | Found a broken altar of Ashenzari.
  5409 | D:5      | Found a radiant altar of Vehumet.
  5410 | D:5      | Found a hide-covered altar of Uskayaw.
  5411 | D:5      | Found a shimmering altar of Xom.
  5414 | D:5      | Became a worshipper of Cheibriados the Contemplative
  5473 | D:5      | Reached XP level 8. HP: 6/52 MP: 5/16
  5685 | D:5      | Reached skill level 10 in Alchemy
  5695 | D:5      | Slain by a water moccasin

Illustrated notes

Levels and vault maps discovered:
D:1:      psy_arrival_terrarium, layout_loops_ring,
          dreamdust_ecumenical_altar_hidden_monk_grotto,
          serial_co_window_serial, co_window_paths_b, co_window_corner_a,
          co_window_cross_1, co_window_corner_a, co_window_corner_a,
          co_window_paths_c, co_window_of_opportunity_b, co_window_broadway_a,
          co_window_corner_ca, co_window_broadway_b, co_window_broadway_c,
          glass_columns_a, glass_columns_c, glass_columns_a, glass_columns_a
D:2:      layout_loops_corners, chequers_serial_rivers_marsh
D:3:      layout_basic, chequers_serial_rivers_micro_b
D:4:      gammafunk_cloud_chamber, layout_basic
D:5:      layout_rooms, minitemple, nemelex_spade_bored_becter, st_stairs_4

Skill      XL: |  1  2  3  4  5  6  7  8 |
---------------+-------------------------+-----
Alchemy        | 5 6 7 8 9 10 | 10.0
Spellcasting   | 3 4 5 |  5.4
Dodging        | |  1.7
Stealth        | |  2.4
Conjurations   | |  0.8

Action                     |  1- 3 |  4- 6 |  7- 9 || total
---------------------------+-------+-------+-------++-------
  Melee: Unarmed           |     5 |       |       ||     5
         Staff             |       |     7 |    45 ||    52
   Fire: Sling             |    40 |    47 |     1 ||    88
   Cast: Sting             |    48 |    87 |    13 ||   148
         Olgreb's Toxic Ra |       |     2 |    13 ||    15
         Mercury Vapours   |       |     1 |       ||     1
    Use: Scroll            |     1 |     7 |     1 ||     9
         Potion            |       |       |     3 ||     3
 Armour: Robe              |    25 |    19 |    53 ||    97
  Dodge: Dodged            |    24 |    32 |    29 ||    85
